 Dungeon Crawl Stone Soup version 0.22.1-1-ga44c0e56f4 (webtiles) character file.

44 LLavrengius the Grave Robber (level 3, -2/26 HPs)
             Began as a Mummy Necromancer on Oct 30, 2018.
             Slain by an ogre
             ... wielding a +0 giant spiked club
              (10 damage)
             ... on level 2 of the Dungeon.
             The game lasted 00:05:33 (1028 turns).

LLavrengius the Grave Robber (Mummy Necromancer)    Turns: 1028, Time: 00:05:34

Health: -2/26      AC: 10    Str: 12    XL:     3   Next: 39%
Magic:  0/7        EV: 11    Int: 14    God:
Gold:   48         SH:  0    Dex: 12    Spells: 6/8 levels left

rFire    x . .     SeeInvis .   d - +2 dagger (protect)
rCold    + . .     Gourm    .   (no shield)
rNeg     + + +     Faith    .   b - +0 leather armour
rPois    ∞         Spirit   .   (no helmet)
rElec    .         Reflect  .   (no cloak)
rCorr    .         Harm     .   (no gloves)
MR       .....                  (no boots)
Stlth    +.........             (no amulet)
HPRegen  0.08/turn              (no ring)
MPRegen  0.10/turn              (no ring)

@: protection aura
A: no food or potions, fire vulnerability, cold resistance 1, negative energy
resistance 3, torment resistance, unbreathing
a: no special abilities


You were on level 2 of the Dungeon.
You were not hungry.

You visited 1 branch of the dungeon, and saw 2 of its levels.

You collected 48 gold pieces.

Inventory:

Hand Weapons
 d - a +2 dagger of protection (weapon)
Missiles
 a - 63 stones (quivered)
 h - 38 sling bullets
Armour
 b - a +0 leather armour (worn)
 i - a +0 buckler
Scrolls
 c - 2 scrolls of identify {unknown}
 e - 2 scrolls of blinking {unknown}
 f - a scroll of magic mapping {unknown}
 g - a scroll of fear {unknown}


   Skills:
 + Level 1.3 Fighting
 - Level 1.5 Dodging
 - Level 1.5 Stealth
 + Level 3.3 Spellcasting
 * Level 4.6 Necromancy


You had 6 spell levels left.
You knew the following spells:

 Your Spells              Type           Power        Failure   Level  Hunger
a - Pain                  Necr           ###.         3%          1    N/A
b - Animate Skeleton      Necr           N/A          3%          1    N/A

Your spell library contained the following spells:

 Spells                   Type           Power        Failure   Level  Hunger
 Vampiric Draining        Necr           ###.......   12%         3    N/A
 Animate Dead             Necr           N/A          36%         4    N/A
 Regeneration             Chrm/Necr      Unusable     N/A         3    N/A

Dungeon Overview and Level Annotations

Branches:
Dungeon (2/15)

Altars:
Wu Jian


Innate Abilities, Weirdness & Mutations

You do not eat or drink.
Your flesh is vulnerable to fire.
You are immune to poison.
Your flesh is cold resistant. (rC+)
You are immune to negative energy. (rN+++)
You are immune to unholy pain and torment.
You can survive without breathing.


Message History

Aiming: Pain (safe; 3% risk of failure)
Press: ? - help, Shift-Dir - straight line, f/p - ogre
Aim: an ogre, wielding a giant spiked club (severely wounded, chance to defeat The ogre struggles to resist.
You hit the ogre but do no damage.
Your weapon exudes an aura of protection.
The ogre is severely wounded.
The ogre hits you with a giant spiked club!
You hit the ogre.
The ogre is severely wounded.
You hit the ogre.
The ogre is almost dead.
The ogre hits you but does no damage.
You completely miss the ogre.
The ogre is almost dead.
The ogre hits you with a giant spiked club!
You hit the ogre.
The ogre is almost dead.
The ogre hits you with a giant spiked club!
You die...

#.# ####.# ##
#....# ...
#.#..####.##
#...##.....#
#####.###.# #.#
#.........# #$#
#.###.###.###.#
#.#
#.@O..######.
#.#
###%.........
#.# ##.######..
#.# #.# #.# #.#
#. #.# #.# #.#
#..


You could see an ogre.

Vanquished Creatures
  An ooze (D:2)
  A dart slug (D:2)
  2 leopard geckos
  A giant cockroach (D:1)
  7 goblins
  3 hobgoblins
  4 bats (D:1)
  A frilled lizard (D:1)
  4 kobolds
  5 rats
29 creatures vanquished.

Vanquished Creatures (collateral kills)
  A dart slug (D:2)
  A bat (D:2)
2 creatures vanquished.

Grand Total: 31 creatures vanquished

Notes
Turn   | Place    | Note
-------+----------+-------------------------------------------
     0 | D:1      | LLavrengius the Mummy Necromancer began the quest for the
                  | Orb.
     0 | D:1      | Reached XP level 1. HP: 13/13 MP: 4/4
   172 | D:1      | Reached XP level 2. HP: 19/20 MP: 2/5
   438 | D:1      | Reached skill level 1 in Fighting
   674 | D:1      | Learned a level 1 spell: Animate Skeleton
   732 | D:2      | Reached XP level 3. HP: 23/26 MP: 7/7
   901 | D:2      | Found an ornate altar of the Wu Jian Council.
  1012 | D:2      | Noticed an ogre
  1028 | D:2      | Slain by an ogre

Skill      XL: |  1  2 |
---------------+-------+-----
Spellcasting   | 3 |  3.3
Fighting       | 1 |  1.3
Dodging        | |  1.5
Stealth        | |  1.5
Necromancy     | |  4.6

Action                   || total
-------------------------++-------
Melee: Club              ||    11
       Dagger            ||    59
 Cast: Pain              ||    31
       Animate Skeleton  ||     6
 Stab: Sleeping          ||     2
       Distracted        ||     1
Armor: Robe              ||     7
       Leather armour    ||    12
Dodge: Dodged            ||    44
